 Dungeon Crawl Stone Soup version 0.31-a0-1529-g7bd419a0e5 (webtiles) character file.

Game seed: 6530467282897807944

144 wildpjah the Slasher (level 5, -2/39 HPs)
             Began as a Demonspawn Gladiator on Dec 31, 2023.
             Was an Initiate of Wu Jian.
             Slain by a scorpion (4 damage)
             ... on level 4 of the Dungeon.
             The game lasted 00:03:30 (2550 turns).

wildpjah the Slasher (Demonspawn Gladiator)         Turns: 2550, Time: 00:03:30

Health: -2/39      AC:  6    Str: 15    XL:     5   Next: 5%
Magic:  5/5        EV: 13    Int:  8    God:    Wu Jian [......]
Gold:   200        SH:  0    Dex: 16    Spells: 4/4 levels left

rFire   + . .        a - +0 long sword
rCold   . . .        (no shield)
rNeg    . . .        b - +0 leather armour
rPois   .            c - +0 helmet
rElec   .            (no cloak)
rCorr   .            (no gloves)
SInv    .            k - +1 pair of boots
Will    .....        (no amulet)
Stlth   +            f - ring of protection from fire
HPRegen 0.26/turn    (no ring)
MPRegen 0.09/turn

%: no passive effects
@: confused, mighty, lethally poisoned (-2 -> -5)
A: foul stench 1, powered by death 1
a: Renounce Religion


You were on level 4 of the Dungeon.
You worshipped Wu Jian.
Wu Jian was noncommittal.
You visited 1 branch of the dungeon, and saw 4 of its levels.

You collected 200 gold pieces.

Inventory:

Hand Weapons
 a - a +0 long sword (weapon)
 p - a +0 short sword of speed
 s - a +0 dagger of venom
 z - a +2 sling of electrocution
Missiles
 d - a throwing net (quivered)
 e - a javelin
 l - 2 boomerangs
 x - 3 poisoned darts
Armour
 b - a +0 leather armour (worn)
 c - a +0 helmet (worn)
 k - a +1 pair of boots (worn)
Jewellery
 f - a ring of protection from fire (left hand)
 y - a ring of poison resistance
Wands
 q - a wand of paralysis (12)
Scrolls
 g - a scroll of fear {unknown}
 h - 5 scrolls of identify {unknown}
 i - 2 scrolls of teleportation {unknown}
 j - a scroll of enchant armour {unknown}
 t - a scroll of torment {unknown}
 u - a scroll of fog {unknown}
 v - a scroll of immolation {unknown}
 w - a scroll of enchant weapon {unknown}
 A - a scroll of amnesia {unknown}
Potions
 n - a potion of lignification {unknown}
 o - a potion of curing {unknown}
 r - a potion of enlightenment {unknown}


   Skills:
 + Level 2.4 Fighting
 + Level 4.0 Long Blades
 + Level 1.7 Throwing
 + Level 1.2 Armour
 + Level 3.4 Dodging
 + Level 1.2 Stealth


You had 4 spell levels left.
You didn't know any spells.
Your spell library contained the following spells:

 Spells                   Type           Power      Damage    Failure   Level
 Kiss of Death            Conj/Necr      0%         2d5       47%         1
 Confusing Touch          Hex            0%         N/A       85%         3
 Dispel Undead            Necr           0%         3d6       99%         4
 Chain Lightning          Conj/Air       0%         N/A       100%        9
 Fire Storm               Conj/Fire      0%         5d1       100%        9
 Shatter                  Erth           0%         3d5*      100%        9


Dungeon Overview and Level Annotations

Branches:
Dungeon (4/15)
 Temple: D:4-7

Altars:
Fedhas
Wu Jian
Xom

Annotations:
D:4 Sigmund


Innate Abilities, Weirdness & Mutations

You may rarely emit foul miasma when damaged in melee.
You regenerate a little health from kills.


Message History

The scorpion completely misses you.
You hit something. The scorpion closely misses you.
You hear some strange, mumbled words.
You are confused.
Something wriggles in the net.
All of a sudden the net rips apart!
The scorpion closely misses you.
You see here 13 gold pieces.
Found two hammers and a glowing hammer.
You hear some strange, mumbled words.
You are more confused.
The scorpion barely misses you.
Non-targeted confused throw: 2 throwing nets
Press: ? - help, Q - select action, (/) - cycle Dir - look around, f - activate Look: a scorpion You throw a throwing net.
Something hits you but does no damage. The scorpion stings you.
You miss the scorpion. The scorpion barely misses you.
Something hits you but does no damage. The scorpion barely misses you.
You hit the scorpion but do no damage. The scorpion stings you.
You are poisoned.
The scorpion poisons you!
You hear some strange, mumbled words.
You are more confused.
You barely miss the scorpion.
You feel very sick. The scorpion stings you. Something hits you!
You miss the scorpion.
You feel sick. The scorpion misses you. The scorpion stings you.
You feel sick. Something hits you!
* * * LOW HITPOINT WARNING * * *
The scorpion closely misses you.
You bump into the rock wall.
You feel sick.
The scorpion stings you but does no damage.
Something hits you.
* * * LOW HITPOINT WARNING * * *
It was a potion of might.
You feel very mighty all of a sudden.
* * * LOW HITPOINT WARNING * * *
You feel sick. The scorpion stings you.
You die...

.. ...))) ##.... ....)
#...... ....#
#......###....#
..........#...#
#........(..
.#......#..##
..........@.# .# .
#......s..##.##
..#......$#.#...#
..........!.....# #
#.........#.......#
..###...###...#......##
..#......##..........##
......................##
#.....#......(........#


You could see a scorpion.

Vanquished Creatures
  A jelly (D:2)
  Jessica (D:3)
  Ijyb (D:3)
  2 ribbon worms (D:2)
  3 orcs (D:3)
  8 bats
  2 endoplasms
  3 hobgoblins
  2 jackals (D:2)
  4 quokkas
  6 ball pythons
  5 frilled lizards
  7 goblins
  5 kobolds
  7 rats
57 creatures vanquished.

Notes
Turn   | Place    | Note
-------+----------+-------------------------------------------
     0 | D:1      | wildpjah the Demonspawn Gladiator began the quest for the
                  | Orb.
     0 | D:1      | Reached XP level 1. HP: 16/16 MP: 1/1
   245 | D:1      | Gained mutation: You may rarely emit foul miasma when
                  | damaged in melee. [demonic ancestry]
   245 | D:1      | Reached XP level 2. HP: 22/22 MP: 2/2
   302 | D:1      | Reached skill level 3 in Long Blades
   931 | D:2      | Reached XP level 3. HP: 9/27 MP: 3/3
   937 | D:2      | Identified the +7 whip of the Many Tables {holy, rElec
                  | SInv}
  1054 | D:2      | Reached skill level 1 in Stealth
  1088 | D:2      | Gained mutation: You regenerate a little health from kills.
                  | [demonic ancestry]
  1088 | D:2      | Reached XP level 4. HP: 31/33 MP: 4/4
  1606 | D:3      | Found a blossoming altar of Fedhas.
  1612 | D:3      | Noticed Ijyb
  1618 | D:3      | Paralysed by Ijyb for 5 turns
  1636 | D:3      | Paralysed by Ijyb for 2 turns
  1640 | D:3      | Killed Ijyb
  1641 | D:3      | Reached skill level 1 in Armour
  1658 | D:3      | Found an ornate altar of the Wu Jian Council.
  1699 | D:3      | Became a worshipper of the Wu Jian Council
  1737 | D:3      | Found a shimmering altar of Xom.
  1737 | D:3      | Noticed an angel
  1845 | D:3      | Noticed Jessica
  1849 | D:3      | Killed Jessica
  1850 | D:3      | Reached XP level 5. HP: 29/39 MP: 5/5
  2250 | D:3      | Reached skill level 4 in Long Blades
  2529 | D:4      | Noticed Sigmund
  2550 | D:4      | Slain by a scorpion

Illustrated notes

Levels and vault maps discovered:
D:1:      dpeg_arrival_refuge, layout_loops_ring, minmay_misc_feat_nine_boxes,
          lemuel_flame_loot_1
D:2:      layout_rooms
D:3:      layout_basic, mainiacjoe_overflow_concentric_impassable,
          grunt_temple_overflow_order_and_chaos_1, fedhas_altar_2,
          minmay_hedge_maze, uniq_ijyb, uniq_jessica
D:4:      layout_cave_pools, grunt_gozag_statues,
          minmay_temple_entry_stoned_glass, uniq_crazy_yiuf_cottage,
          uniq_sigmund, uniq_blork_the_orc

Skill      XL: |  1  2  3  4  5 |
---------------+----------------+-----
Dodging        | 3 |  3.4
Long Blades    | 3 4 |  4.0
Stealth        | 1 |  1.2
Armour         | 1 |  1.2
Fighting       | |  2.4
Throwing       | |  1.7

Action                     |  1- 3 |  4- 6 || total
---------------------------+-------+-------++-------
  Melee: Long sword        |    81 |    89 ||   170
         Punch             |     1 |     1 ||     2
  Throw: Throwing net      |       |     2 ||     2
Ability: Lunge             |       |     2 ||     2
    Use: Potion            |       |     1 ||     1
   Stab: Sleeping          |     4 |     3 ||     7
         Held in net/web   |       |     1 ||     1
 Armour: Leather armour    |    41 |    58 ||    99
  Dodge: Dodged            |    53 |    72 ||   125

Table legend: (Time is in decaauts)
 A = Elapsed time spent in this place.
 B = Non-inter-level travel time spent in this place.
 C = Inter-level travel time spent in this place.
 D = Time resting spent in this place.
 E = Time spent auto-exploring this place.
 F = Levels seen in this place.
 G = Mean time per level.
                   A        B        C        D        E       F      G
               +--------+--------+--------+--------+--------+-----+--------+
         Total |   2588 |   2474 |    114 |      0 |   1976 |   4 |  647.0 |
       Dungeon |   2588 |   2474 |    114 |      0 |   1976 |   4 |  647.0 |
               +--------+--------+--------+--------+--------+-----+--------+

Top non-repeatable levels by time:
     D:3: 1061 daAuts
     D:1: 908 daAuts
     D:2: 525 daAuts
     D:4: 93 daAuts
